 Dungeon Crawl Stone Soup version 0.30-a0-983-g7e3032bf44 (webtiles) character file.

Game seed: 2156933130494818427

1971 Jossarian the Thaumaturge (level 9, -32/39 HPs)
             Began as a Spriggan Conjurer on Apr 1, 2023.
             Killed from afar by Maggie (33 damage)
             ... with a bolt of fire
             ... on level 7 of the Dungeon.
             The game lasted 01:19:28 (9826 turns).

Jossarian the Thaumaturge (Spriggan Conjurer)       Turns: 9826, Time: 01:19:31

Health: -32/39     AC:  3    Str:  3    XL:     9   Next: 0%
Magic:  6/22       EV: 17    Int: 23    God:
Gold:   400        SH:  0    Dex: 14    Spells: 9/24 levels left

rFire   . . .      SeeInvis +    h - staff of conjuration
rCold   . . .      Faith    .    (shield currently unavailable)
rNeg    . . .      Spirit   .    a - +0 robe
rPois   +          Reflect  .    (helmet restricted)
rElec   .          Rampage  .    k - +0 cloak {Stlth+}
rCorr   .                        (gloves unavailable)
Will    ++...                    (boots unavailable)
Stlth   ++++                     (no amulet)
HPRegen 0.26/turn                c - ring of willpower
MPRegen 0.18/turn                m - ring of poison resistance

@: very quick
A: very small, no large weapons, unfitting armour, see invisible, speed 3
a: no special abilities


You were on level 7 of the Dungeon.
You visited 1 branch of the dungeon, and saw 7 of its levels.

You collected 400 gold pieces.

Inventory:

Hand Weapons
 l - a +0 dagger of protection
Missiles
 i - 66 stones
 n - 4 poisoned darts (quivered)
 q - 4 datura-tipped darts
Armour
 a - a +0 robe (worn)
 k - a +0 cloak of stealth (worn)
Magical Staves
 h - a staff of conjuration (weapon)
Jewellery
 c - a ring of willpower (left hand)
 m - a ring of poison resistance (right hand)
Wands
 p - a wand of paralysis (12)
 u - a wand of flame (20)
Scrolls
 g - a scroll of magic mapping {unknown}
 r - 2 scrolls of fog
 t - 4 scrolls of teleportation
Potions
 b - a potion of magic
 d - 3 potions of flight
 e - 6 potions of brilliance
 f - a potion of degeneration {unknown}
 j - a potion of invisibility
 o - 4 potions of haste


   Skills:
 + Level 4.3 Throwing
 + Level 3.3 Dodging
 + Level 5.1 Stealth
 + Level 8.3 Spellcasting
 + Level 6.3 Conjurations
 + Level 2.9 Hexes
 + Level 2.0 Translocations


You had 9 spell levels left.
You knew the following spells:

 Your Spells              Type           Power      Damage    Failure   Level
a - Magic Dart            Conj           100%       1d8       1%          1
b - Apportation           Tloc           36%        N/A       3%          1
c - Searing Ray           Conj           100%       2d8       1%          2
d - Fulminant Prism       Conj/Hex       23%        3d12      10%         4
e - Stone Arrow           Conj/Erth      72%        3d11      5%          3
f - Tukima's Dance        Hex            22%        N/A       6%          3
g - Sandblast             Erth           18%        2d7       7%          1

Your spell library contained the following spells:

 Spells                   Type           Power      Damage    Failure   Level
 Dazzling Flash           Conj/Hex       92%        N/A       3%          3
 Necrotise                Necr           36%        1d5       7%          1
 Summon Small Mammal      Summ           36%        N/A       7%          1
 Portal Projectile        Hex/Tloc       40%        N/A       8%          3
 Gell's Gravitas          Tloc           18%        N/A       9%          3
 Teleport Other           Tloc           18%        N/A       9%          3
 Passwall                 Tmut/Erth      7%         N/A       10%         2
 Iskenderun's Mystic Bla  Conj/Tloc      43%        2d10      12%         4
 Blade Hands              Tmut           4%         N/A       88%         5
 Dispersal                Tloc           9%         N/A       99%         6


Dungeon Overview and Level Annotations

Branches:
Dungeon (7/15)
 Temple: D:4-7

Altars:
Gozag
Makhleb
Nemelex Xobeh
Okawaru
Qazlal
Uskayaw
Wu Jian
Xom

Shops:
D:2 (   D:5 *

Annotations:
D:7 Maggie, Pikel


Innate Abilities, Weirdness & Mutations

You are very small and have problems with some larger weapons.
You are too small for most types of armour.
You have supernaturally acute eyesight. (SInv)
You cover ground extremely quickly. (Speed+++)


Message History

Press: ? - help, Q - select action, (/) - cycle Shift-Dir - straight line, f/p - Maggie
Aim: Maggie, wearing +0 swamp dragon scales (heavily wounded, poisoned, 64% to hit)
You throw a poisoned dart. The poisoned dart hits Maggie.
Maggie is heavily wounded.
Casting: Magic Dart (safe; 1% risk of failure)
Confirm with . or Enter, or press ? or * to list all spells.
Aiming: Searing Ray (safe; 1% risk of failure)
Press: ? - help, Shift-Dir - straight line, f/p - Maggie
Aim: Maggie, wearing +0 swamp dragon scales (heavily wounded, poisoned, 85% to hit)
You feel a surge of power!
The searing ray hits Maggie.
Maggie is severely wounded. (Press . to maintain the ray.)
The searing ray hits Maggie.
Maggie is severely wounded.
Maggie looks more healthy.
Maggie points at you and mumbles some strange words.
The bolt of fire hits you!!
Ouch! That really hurt!
Casting: Searing Ray (safe; 1% risk of failure)
Confirm with . or Enter, or press ? or * to list all spells.
The spell is quite dangerous to miscast (10% risk of failure)!
Continue anyway?
Aiming: Fulminant Prism (quite dangerous; 10% risk of failure)
Press: ? - help, Dir - move target, p - Maggie You feel a surge of power!
You conjure a prism of explosive energy!
A fulminant prism comes into view.
Maggie says, "Have you seen any dragons?"
Maggie points at you and mumbles some strange words.
The bolt of fire hits your fulminant prism.
Your fulminant prism resists.
The bolt of fire hits you!
* * * LOW HITPOINT WARNING * * *
Maggie shouts, "Leave me alone!"
Maggie gestures at you while chanting.
The bolt of fire hits your fulminant prism!
Your fulminant prism resists.
Your fulminant prism detonates feebly.
The bolt of fire hits you!!
Ouch! That really hurt!
You die...

#. .###.## # #.####.#### #.
...... .# #.......... #. ..#.#
..# #.####.#### #.
#.#.##.##### #......# #.
####..........# #.###..# #.
#...>.........# #># #..# #.##
#.##...#####..####.###..#
...###.##...#####.....<$..#..#
.#<..<....@.....@.........#..#
#
...###.##.#.##.###.....?......
. #((.........##.#
#........#..# #
#(####.......#.# #.##.......##
#.# ####.##.##.... #.......#
#*# #.# .# .## #.#.o.#.# #.@
#.. .. .. #o..(...# ###
#.......# #>##.###


You could see Maggie.

Vanquished Creatures
  Prince Ribbit (D:6)
  A dancing weapon (D:7)
  Duvessa (D:5)
  A water moccasin (D:5)
  A black bear (D:5)
  A sky beast (D:6)
  5 ogres
  2 bullfrogs (D:6)
  2 scorpions
  3 wights (D:6)
  Dowan (D:5)
  3 hounds
  2 sleepcaps
  2 iguanas
  Terence (D:3)
  2 orc wizards
  3 gnolls (D:5)
  6 adders
  An ufetubus (D:5)
  4 worms
  6 dart slugs
  32 orcs
  4 ball pythons
  A bat (D:2)
  7 endoplasms
  4 giant cockroaches
  5 goblins
  11 hobgoblins
  2 jackals (D:2)
  3 kobolds
  A quokka (D:1)
  3 frilled lizards
  9 rats
131 creatures vanquished.

Vanquished Creatures (others)
  A goblin (D:1)
  19 fulminant prisms
20 creatures vanquished.

Grand Total: 151 creatures vanquished

Notes
Turn   | Place    | Note
-------+----------+-------------------------------------------
     0 | D:1      | Jossarian the Spriggan Conjurer began the quest for the
                  | Orb.
     0 | D:1      | Reached XP level 1. HP: 9/9 MP: 5/5
   160 | D:1      | Found a faded altar of an unknown god.
   861 | D:1      | Reached XP level 2. HP: 13/13 MP: 3/6
   891 | D:1      | Learned a level 1 spell: Apportation
   894 | D:1      | Learned a level 2 spell: Searing Ray
  1589 | D:2      | Found Jiodeypp's Antique Weapon Emporium.
  1778 | D:2      | Reached skill level 3 in Spellcasting
  1778 | D:2      | Reached XP level 3. HP: 16/16 MP: 4/8
  2014 | D:2      | Reached skill level 1 in Translocations
  3117 | D:3      | Reached XP level 4. HP: 21/21 MP: 3/10
  3801 | D:3      | Noticed Terence
  3855 | D:3      | Learned a level 4 spell: Fulminant Prism
  4181 | D:3      | Reached skill level 4 in Spellcasting
  4618 | D:4      | Reached XP level 5. HP: 24/24 MP: 8/12
  4901 | D:3      | Killed Terence
  5550 | D:4      | Reached XP level 6. HP: 28/28 MP: 10/14
  6198 | D:5      | Entered Level 5 of the Dungeon
  6316 | D:5      | Reached skill level 5 in Spellcasting
  6332 | D:6      | Found an opulent altar of Gozag.
  6678 | D:5      | Reached skill level 5 in Conjurations
  6678 | D:5      | Reached XP level 7. HP: 32/32 MP: 12/16
  6692 | D:5      | Reached skill level 1 in Throwing
  6765 | D:5      | Noticed Duvessa
  6779 | D:5      | Killed Duvessa
  6853 | D:5      | Noticed Dowan
  6861 | D:5      | Killed Dowan
  6862 | D:5      | Reached skill level 6 in Spellcasting
  7310 | D:5      | Found Fyaqerhi's Elemental Accessories.
  7350 | D:5      | Reached skill level 7 in Spellcasting
  7368 | D:5      | Reached XP level 8. HP: 36/36 MP: 3/19
  7669 | D:5      | Found a hide-covered altar of Uskayaw.
  7705 | D:5      | Found a burning altar of Makhleb.
  7705 | D:5      | Found an ornate altar of the Wu Jian Council.
  7716 | D:5      | Found a shimmering altar of Xom.
  7716 | D:5      | Found a stormy altar of Qazlal.
  7717 | D:5      | Found an iron altar of Okawaru.
  8086 | D:6      | Reached skill level 5 in Stealth
  8090 | D:6      | Noticed Prince Ribbit
  8323 | D:6      | Reached skill level 8 in Spellcasting
  8323 | D:6      | Reached skill level 1 in Hexes
  8441 | D:6      | Killed Prince Ribbit
  8591 | D:6      | Found a sparkling altar of Nemelex Xobeh.
  8607 | D:6      | You fall into a shaft and drop 1 floor!
  8674 | D:7      | Noticed Pikel
  8994 | D:6      | Identified the +1 leather armour of Gehenna {Str+3 Stlth+}
  9047 | D:6      | Learned a level 3 spell: Stone Arrow
  9051 | D:6      | Learned a level 3 spell: Tukima's Dance
  9053 | D:6      | Learned a level 1 spell: Sandblast
  9761 | D:7      | Reached XP level 9. HP: 39/39 MP: 17/22
  9801 | D:7      | Noticed Maggie
  9825 | D:7      | HP: 1/39 [Maggie/bolt of fire (12)]
  9826 | D:7      | Killed from afar by Maggie

Illustrated notes

Levels and vault maps discovered:
D:1:      dpeg_arrival_orchard, layout_loops_ring,
          chequers_ecumenical_altar_island, lemuel_flame_loot_1
D:2:      layout_loops_ring, serial_shops, shop, kennysheep_nub, minmay_3d_cube
D:3:      layout_loops_ring, serial_aquarium, aquarium_bridge_island_small
          [aquarium_subvault_small_open, aquarium_subvault_window,
          aquarium_subvault_bridge, aquarium_subvault_wall,
          aquarium_subvault_window], aquarium_bridge_square
          [aquarium_subvault_bridge, aquarium_subvault_balcony,
          aquarium_subvault_bridge, aquarium_subvault_wall],
          aquarium_window_corridor_2, aquarium_window_corner,
          aquarium_window_fake, aquarium_view_2f, aquarium_pool_side,
          uniq_terence
D:4:      layout_cave_pools
D:5:      layout_basic, grunt_temple_overflow_open,
          chequers_serial_rivers_micro_c, kennysheep_pointless_box,
          nicolae_elemental_shop, uniq_duvessa
D:6:      layout_basic, overflow_temple_1_default, nemelex_dance_club_becter,
          minmay_holes, uniq_prince_ribbit1
D:7:      layout_loops_ring, lemuel_doored_altar, temple_hall,
          gammafunk_ghost_cemetery, uniq_pikel, uniq_menkaure, uniq_maggie

Skill      XL: |  1  2  3  4  5  6  7  8 |
---------------+-------------------------+-----
Conjurations   | 3 4 5 6 |  6.3
Dodging        | 3 |  3.3
Spellcasting   | 3 4 5 7 8 |  8.3
Translocations | 1 2 |  2.0
Stealth        | 4 5 |  5.1
Throwing       | 2 4 |  4.3
Hexes          | 2 |  2.9

Action                     |  1- 3 |  4- 6 |  7- 9 || total
---------------------------+-------+-------+-------++-------
  Throw: Dart              |       |    12 |    25 ||    37
   Cast: Magic Dart        |    73 |    87 |    36 ||   196
         Apportation       |     6 |       |       ||     6
         Searing Ray       |    11 |    28 |    17 ||    56
         Fulminant Prism   |       |     3 |    16 ||    19
         Tukima's Dance    |       |       |     1 ||     1
    Use: Scroll            |     5 |     4 |     3 ||    12
 Armour: Robe              |       |     1 |       ||     1
  Dodge: Dodged            |     2 |    18 |     3 ||    23

Table legend: (Time is in decaauts)
 A = Elapsed time spent in this place.
 B = Non-inter-level travel time spent in this place.
 C = Inter-level travel time spent in this place.
 D = Time resting spent in this place.
 E = Time spent auto-exploring this place.
 F = Levels seen in this place.
 G = Mean time per level.
                   A        B        C        D        E       F      G
               +--------+--------+--------+--------+--------+-----+--------+
         Total |   7568 |   4618 |   2950 |   3587 |      0 |   7 | 1081.1 |
       Dungeon |   7568 |   4618 |   2950 |   3587 |      0 |   7 | 1081.1 |
               +--------+--------+--------+--------+--------+-----+--------+

Top non-repeatable levels by time:
     D:3: 1776 daAuts
     D:5: 1319 daAuts
     D:1: 1219 daAuts
     D:4: 1039 daAuts
     D:6: 1021 daAuts
     D:2: 1016 daAuts
     D:7: 175 daAuts
